 Dungeon Sprint DCSS version bcrawl-1.12-11-gb93c957c58 (webtiles) character file.

Game seed: 16610438397642892773

438078 Freyura the Skullcrusher (level 21, -3/163 HPs)
             Began as a Gargoyle Fighter on June 25, 2019.
             Was the Champion of the Shining One.
             Splashed by an acid blob's acid (5 damage)
             ... in the Dungeon (Sprint IX: "|||||||||||||||||||||||||||||").
             The game lasted 00:52:29 (9207 turns).

Freyura the Skullcrusher (Gargoyle Fighter)         Turns: 9207, Time: 00:52:30

Health: -3/163     AC: 36    Str: 31    XL:     21   Next: 81%
Magic:  7/38       EV: 24    Int:  7    God:    the Shining One [******]
Gold:   1900       SH: 54    Dex: 17    Spells: 20/20 levels left

rFire    + + +     SeeInvis .   z - +8 sacred scourge (holy)
rCold    + + .     Gourm    .   Q - +3 large shield {AC+3}
rNeg     + + +     Faith    .   V - +0 gold dragon scales
rPois    ∞         Spirit   .   R - +0 hat of Protective Custody {rF+++ rC+ MR+ Dex-3}
rElec    +         Reflect  +   C - +1 cloak
rCorr    .         Harm     .   p - +1 pair of gloves
MR       +++..     NoTele   +   B - +2 pair of boots
Stlth    +.........             d - amulet "Fed Eneiruu" {Reflect MR+ Str+2 Dex-2 SH+6}
HPRegen  0.37/turn              q - +6 ring of dexterity
MPRegen  0.26/turn              u - +6 ring of strength

@: divine shield, corroded, glowing, studying Axes
A: big wings, thin metallic scales 1, deformed body, deterioration 1, dopey 1,
negative energy resistance 1, electricity resistance, unbreathing, petrification
resistance, rot immunity, AC +16
0: Orb of Zot
}: 7/17 runes: decaying, serpentine, barnacled, slimy, elven, silver, gossamer
a: Fly, Divine Shield, Cleansing Flame, Summon Divine Warrior, Renounce Religion


You were in the Dungeon.
You worshipped the Shining One.
The Shining One was exalted by your worship.
You were hungry.

You visited 1 branch You collected 1982 gold pieces.
You spent 82 gold pieces at shops.

Inventory:

Hand Weapons
 z - a +8 sacred scourge of holy wrath (weapon)
 O - the +12 glaive of Prune {chop}
   (You found it in the Dungeon)

   It inflicts extra damage upon your enemies.
 P - the +13 scythe of Curses {drain, *Curse}
   (You found it in the Dungeon)

   A truly terrible weapon, it drains the life of those it strikes.
   It curses itself when equipped.
   The Shining One disapproves of the use of such an item.
Armour
 p - a +1 pair of gloves (worn)
 x - the +6 fire dragon scales of Xtahua {rF+++ rC- MR+}
   (You found it in the Dungeon)

   It renders you almost immune to fire.
   It makes you vulnerable to cold.
   It affects your resistance to hostile enchantments.
 A - the +2 chain mail "Juiptee" {Dex+4 Slay+2}
   (You found it in the Dungeon)

   It affects your dexterity (+4).
   It affects your accuracy and damage with ranged weapons and melee attacks
   (+2).
 B - a +2 pair of boots (worn)
 C - a +1 cloak (worn)
 D - a +1 helmet
 L - a +3 large shield
 Q - a +3 large shield of protection (worn)
 R - the +0 hat of Protective Custody (worn) {rF+++ rC+ MR+ Dex-3}
   (You found it in the Dungeon)

   It affects your dexterity (-3).
   It renders you almost immune to fire.
   It protects you from cold.
   It affects your resistance to hostile enchantments.
 S - the +0 hat of the Skies Above {rElec rC- Dex+5}
   (You found it in the Dungeon)

   It affects your dexterity (+5).
   It makes you vulnerable to cold.
   It insulates you from electricity.
 V - +0 gold dragon scales (worn)
Jewellery
 d - the amulet "Fed Eneiruu" (around neck) {Reflect MR+ Str+2 Dex-2 SH+6}
   (You found it in the Dungeon)

   [amulet of reflection]

   It shields you and reflects attacks.
   It affects your strength (+2).
   It affects your dexterity (-2).
   It affects your resistance to hostile enchantments.
   It affects your SH (+6).
 g - a +4 ring of evasion
 o - an uncursed ring of protection from cold
 q - a +6 ring of dexterity (left hand)
 r - a +2 ring of slaying
 s - a +2 ring of evasion
 t - a +3 ring of strength
 u - a +6 ring of strength (right hand)
 v - a +4 ring of protection
 w - an uncursed ring of protection from magic
 y - the amulet "Fisuon" {+Rage Str+2}
   (You found it in the Dungeon)

   [amulet of rage]

   It affects your strength (+2).
   It lets you go berserk.
 K - the ring "Noptimee" {rF+ Dex+4}
   (You found it in the Dungeon)

   [ring of protection from fire]

   It affects your dexterity (+4).
   It protects you from fire.
 M - a +3 ring of slaying
 N - the ring "Unyny" {Ice Dex+2}
   (You found it in the Dungeon)

   [ring of ice]

   It enhances your ice magic.
   It affects your dexterity (+2).
   It makes you vulnerable to fire.
   It protects you from cold.
Wands
 n - a wand of iceblast (22)
Scrolls
 b - 2 scrolls of fog
 k - 13 scrolls of blinking
 l - 8 scrolls of remove curse
 m - 2 scrolls of amnesia
 F - a scroll of identify
 G - a scroll of fear
Potions
 a - 3 potions of brilliance
 e - 7 potions of curing
 h - 9 potions of haste
 i - 3 potions of magic
 j - a potion of berserk rage
 H - 3 potions of might
 I - a potion of mutation
 J - 6 potions of heal wounds
 T - a potion of resistance
Books
 c - a manual of Axes
Comestibles
 f - 11 rations {!d}
 U - a chunk of flesh


   Skills:
 O Level 27 Fighting
 O Level 27 Maces & Flails
 O Level 27 Armour
 O Level 27 Dodging
 + Level 23.4 Stealth
 O Level 27 Shields
 O Level 27 Invocations
 O Level 27 Evocations


You had 20 spell levels left.
You didn't know any spells.
Your spell library was empty.

Dungeon Overview and Level Annotations

Branches:
Dungeon (1/1)

Altars:
Cheibriados
Dithmenos
Elyvilon
Fedhas
Gozag
Hepliaklqana
Kikubaaqudgha
Lugonu
Makhleb
Nemelex Xobeh
Okawaru
Qazlal
Ru
Sif Muna
Trog
Uskayaw
Vehumet
Wu Jian
Xom
Yredelemnul
Zin
The Shining One
Beogh
Jiyva

Shops:
D =*[(

Annotations:
D Sonja


Innate Abilities, Weirdness & Mutations

You are resistant to torment.
Your stone body is resilient. (AC +16)
You are immune to poison.
Your large and strong wings let you fly indefinitely.
You resist negative energy. (rN+)
You are resistant to electric shocks. (rElec)
You can survive without breathing.
You are immune to petrification.
You are immune to rotting.
You are partially covered in thin metallic scales. (AC +2)
Armour fits poorly on your strangely shaped body.
Your body sometimes deteriorates upon taking damage.
You are dopey. (Int -2)


Message History

The acid blob spits acid at you. The splash of acid hits you!
You are splashed with acid!
* * * LOW HITPOINT WARNING * * *
The eye of draining gazes at you.
You feel your power leaking away.
Your shield is strengthened by the Shining One's divine power.
You feel slightly more hungry. The acid blob spits acid at you.
The splash of acid hits you!
* * * LOW HITPOINT WARNING * * *
You are splashed with acid!!
* * * LOW HITPOINT WARNING * * *
You whack the acid blob! The acid corrodes you!
Your hands burn!
The Shining One protects you from harm!
The acid blob is severely wounded.
The acid blob spits acid at you.
The splash of acid reflects off an invisible shield around you!
The splash of acid hits the acid blob.
The acid blob completely resists.
You thrash the acid blob!! The acid corrodes you!
Your hands burn!
You die...

▓▓▓▓▓▓▓▓▓▓▓▓▓▓▓▓▓▓▓▓▓▓▓▓
....GJJ@.........'......
▓▓▓▓▓▓▓▓▓▓▓▓▓▓▓▓▓▓▓▓▓▓▓▓▓▓▓▓▓▓▓▓▓
▓................................
▓.▓▓▓▓▓▓▓▓▓▓▓▓▓▓▓▓▓▓▓▓▓▓▓▓▓▓▓▓▓▓▓
▓.A'..............'........[)....
▓▓▓▓▓▓▓▓▓▓▓▓▓▓▓▓▓▓▓▓▓▓▓▓▓▓▓▓▓▓▓▓▓
▓................................
▓.▓▓▓▓▓▓▓▓▓▓▓▓▓▓▓▓▓▓▓▓▓▓▓▓▓▓▓▓▓▓▓
▓....'......).)')......)))......)


You could see an acid blob, an azure jelly and an eye of draining.

Vanquished Creatures
  the Royal Jelly (D)
  3 orbs of fire (D)
  Mennas (D)
  10 ancient liches (D)
  A Killer Klown (D)
  Frederick (D)
  Boris (D)
  Xtahua (D)
  Nikola (D)
  2 golden dragons (D)
  Jory (D)
  An electric golem (D)
  5 tentacled monstrosities (D)
  3 liches (D)
  28 Orb Guardians (D)
  2 deep elf blademasters (D)
  A titan (D)
  2 quicksilver dragons (D)
  Frances (D)
  3 acid blobs (D)
  Agnes (D)
  2 death cobs (D)
  3 storm dragons (D)
  A thorn hunter (D)
  7 shadow dragons (D)
  A draconian monk (D)
  7 nagarajas (D)
  A frost giant (D)
  2 draconian knights (D)
  5 azure jellies (D)
  2 deep elf sorcerers (D)
  2 fire giants (D)
  Aizul (D)
  3 ghost moths (D)
  An ironheart preserver (D)
  A draconian stormcaller (D)
  Louise (D)
  5 emperor scorpions (D)
  A draconian shifter (D)
  4 draconian scorchers (D)
  A spriggan defender (D)
  6 stone giants (D)
  4 draconian annihilators (D)
  An entropy weaver (D)
  A deep elf demonologist (D)
  2 black draconians (D)
  7 vampire knights (D)
  2 deep elf annihilators (D)
  4 green draconians (D)
  A lorocyproca (D)
  3 white draconians (D)
  3 ettins (D)
  3 red draconians (D)
  4 deep elf death magi (D)
  2 yellow draconians (D)
  3 merfolk impalers (D)
  8 fire dragons (D)
  3 merfolk javelineers (D)
  A deep elf high priest (D)
  A yaktaur captain (D)
  5 ogre magi (D)
  2 great orbs of eyes (D)
  3 hydras (D)
  2 naga warriors (D)
  2 ice dragons (D)
  A merfolk avatar (D)
  2 rakshasas (D)
  17 vault guards (D)
  A catoblepas (D)
  4 merfolk aquamancers (D)
  A centaur warrior (D)
  A two-headed ogre (shapeshifter) (D)
  A deep troll shaman (D)
  A tengu warrior (D)
  An alligator (D)
  An orc high priest (D)
  A shock serpent (shapeshifter) (D)
  4 spriggan berserkers (D)
  11 spriggans (D)
  A fire crab (shapeshifter) (D)
  4 deep trolls (D)
  A sea snake (D)
  A flayed ghost (D)
  6 swamp dragons (D)
  2 cyclopes (D)
  A phantasmal warrior (D)
  2 ironbrand convokers (D)
  A deep elf archer (D)
  2 orc knights (D)
  2 necromancers (D)
  A mana viper (D)
  4 wolf spiders (D)
  3 ugly things (D)
  A deep elf mage (D)
  A manticore (D)
  9 moths of wrath (D)
  4 guardian serpents (D)
  2 black mambas (D)
  4 naga magi (D)
  A vault sentinel (D)
  A gargoyle (D)
  4 cane toads (D)
  A torpor snail (D)
  A rime drake (D)
  3 demonic crawlers (D)
  5 trolls (D)
  3 jumping spiders (D)
  2 hornets (D)
  A bog body (D)
  A tyrant leech (D)
  2 hippogriffs (D)
  3 blink frogs (D)
  2 redbacks (D)
  3 tarantellas (D)
  2 wraiths (D)
  A basilisk (D)
  A yak (D)
  2 golden eyes (D)
  A hungry ghost (D)
  2 nagas (D)
  3 vampire mosquitoes (D)
  2 water moccasins (D)
  An acid dragon (D)
  2 porcupines (D)
  3 floating eyes (D)
  4 swamp drakes (D)
  An ice beast (D)
  2 eyes of draining (D)
  9 orc warriors (D)
  A black bear (shapeshifter) (D)
  A wolf (D)
  A centaur (D)
  4 crocodiles (D)
  4 bullfrogs (D)
  A scorpion (D)
  A crimson imp (D)
  4 orc wizards (D)
  3 orc priests (D)
  An adder (D)
  A dart slug (D)
  9 orcs (D)
  A bat skeleton (D)
  A bat zombie (D)
  2 goblins (D)
  A jackal zombie (D)
  2 kobolds (D)
  A quokka skeleton (D)
401 creatures vanquished.

Vanquished Creatures (collateral kills)
  Mara (D)
  Rupert (D)
  A Hell Sentinel (D)
  An Orb Guardian (D)
  3 acid blobs (D)
  An azure jelly (D)
  Ilsuiw (D)
  A deep elf sorcerer (D)
  3 ironheart preservers (D)
  A deep elf annihilator (D)
  A deep elf death mage (D)
  An ettin (D)
  2 merfolk javelineers (D)
  2 merfolk impalers (D)
  2 death oozes (D)
  A yaktaur captain (D)
  A great orb of eyes (D)
  A rakshasa (D)
  8 vault guards (D)
  A death knight (D)
  2 tengu warriors (D)
  A water nymph (D)
  5 vault sentinels (D)
  A hellion (D)
  A yaktaur (D)
  A merfolk (D)
  A water elemental (D)
  A spriggan (D)
  A boggart (D)
48 creatures vanquished.

Vanquished Creatures (others)
  A deep elf master archer (D)
  A swamp dragon (D)
  A blink frog (D)
  A swamp drake (D)
  A briar patch (D)
5 creatures vanquished.

Grand Total: 454 creatures vanquished

Notes
Turn   | Place    | Note
-------+----------+-------------------------------------------
     0 | D        | Freyura the Gargoyle Fighter began the quest for the Orb.
     0 | D        | Reached XP level 1. HP: 14/14 MP: 1/1
    20 | D        | Reached skill level 1 in Dodging
    20 | D        | Reached XP level 2. HP: 20/20 MP: 2/2
    26 | D        | Noticed an ice beast
    26 | D        | Noticed a water moccasin
    44 | D        | Killed a water moccasin
    44 | D        | Reached skill level 5 in Fighting
    44 | D        | Reached skill level 5 in Maces & Flails
    44 | D        | Reached skill level 5 in Armour
    44 | D        | Reached skill level 5 in Shields
    44 | D        | Reached XP level 3. HP: 8/26 MP: 3/3
    44 | D        | Reached XP level 4. HP: 10/31 MP: 4/4
    44 | D        | Reached XP level 5. HP: 11/35 MP: 5/5
    50 | D        | Killed an ice beast
    50 | D        | Reached XP level 6. HP: 29/41 MP: 6/6
   117 | D        | Found a roughly hewn altar of Beogh.
   117 | D        | Found a snail-covered altar of Cheibriados.
   117 | D        | Found a shadowy altar of Dithmenos.
   117 | D        | Found a white marble altar of Elyvilon.
   117 | D        | Found a blossoming altar of Fedhas.
   117 | D        | Found an opulent altar of Gozag.
   118 | D        | Found a hazy altar of Hepliaklqana.
   119 | D        | Found a viscous altar of Jiyva.
   120 | D        | Found an ancient bone altar of Kikubaaqudgha.
   121 | D        | Found a corrupted altar of Lugonu.
   122 | D        | Found a burning altar of Makhleb.
   123 | D        | Found a sparkling altar of Nemelex Xobeh.
   124 | D        | Found an iron altar of Okawaru.
   125 | D        | Found a stormy altar of Qazlal.
   126 | D        | Found a sacrificial altar of Ru.
   127 | D        | Found a deep blue altar of Sif Muna.
   128 | D        | Found a bloodstained altar of Trog.
   129 | D        | Found a hide-covered altar of Uskayaw.
   130 | D        | Found a radiant altar of Vehumet.
   131 | D        | Found an ornate altar of the Wu Jian Council.
   132 | D        | Found a shimmering altar of Xom.
   133 | D        | Found a basalt altar of Yredelemnul.
   134 | D        | Found a glowing silver altar of Zin.
   135 | D        | Found a glowing golden altar of the Shining One.
   143 | D        | Became a worshipper of the Shining One
   189 | D        | Reached * piety under the Shining One
   189 | D        | Reached ** piety under the Shining One
   189 | D        | Noticed a yak
   193 | D        | Killed a yak
   196 | D        | Reached XP level 7. HP: 48/48 MP: 6/9
   201 | D        | Reached skill level 5 in Dodging
   214 | D        | Reached *** piety under the Shining One
   214 | D        | Noticed a cyclops
   214 | D        | Noticed a cyclops
   214 | D        | Noticed a hungry ghost
   214 | D        | Noticed a vampire mosquito
   214 | D        | Reached **** piety under the Shining One
   217 | D        | Killed a vampire mosquito
   223 | D        | Killed a hungry ghost
   231 | D        | Killed a cyclops
   231 | D        | Reached skill level 10 in Maces & Flails
   231 | D        | Reached skill level 5 in Invocations
   231 | D        | Reached XP level 8. HP: 55/55 MP: 10/12
   236 | D        | Killed a cyclops
   236 | D        | Reached XP level 9. HP: 60/60 MP: 10/13
   351 | D        | Noticed a rime drake
   351 | D        | Noticed a catoblepas
   351 | D        | Reached ***** piety under the Shining One
   351 | D        | Noticed a cane toad
   363 | D        | Killed a cane toad
   372 | D        | Noticed a cane toad
   374 | D        | Killed a catoblepas
   374 | D        | Reached skill level 10 in Armour
   388 | D        | Reached skill level 10 in Fighting
   392 | D        | Killed a rime drake
   392 | D        | Reached skill level 10 in Shields
   399 | D        | Killed a cane toad
   399 | D        | Reached XP level 10. HP: 35/68 MP: 14/16
   570 | D        | Noticed a torpor snail
   570 | D        | Reached ****** piety under the Shining One
   588 | D        | Killed a torpor snail
   683 | D        | Noticed a cane toad
   687 | D        | Killed a cane toad
   889 | D        | Noticed an orc knight
   890 | D        | Noticed a stone giant
   899 | D        | Killed an orc knight
   899 | D        | Reached XP level 11. HP: 70/74 MP: 18/18
   907 | D        | Killed a stone giant
   907 | D        | Reached skill level 10 in Invocations
  1147 | D        | Noticed an orc high priest
  1174 | D        | Killed an orc high priest
  1237 | D        | Found Timosyor's Weapon Boutique.
  1237 | D        | Noticed a deep troll
  1237 | D        | Noticed an ogre mage
  1239 | D        | Noticed a stone giant
  1244 | D        | Killed an ogre mage
  1245 | D        | Found Zodita's Antique Armour Shop.
  1250 | D        | Reached skill level 15 in Maces & Flails
  1250 | D        | Noticed an ogre mage
  1252 | D        | Noticed a deep troll
  1257 | D        | Noticed an ettin
  1266 | D        | Killed a stone giant
  1271 | D        | Killed a deep troll
  1277 | D        | Killed a deep troll
  1278 | D        | Noticed a deep troll
  1297 | D        | Killed an ettin
  1297 | D        | Reached XP level 12. HP: 59/82 MP: 20/20
  1298 | D        | Found Roiwun's General Store.
  1313 | D        | Found Kuown's Jewellery Shop.
  1319 | D        | Killed an ogre mage
  1319 | D        | Reached skill level 10 in Dodging
  1600 | D        | Bought a scroll of enchant weapon for 82 gold pieces
  1626 | D        | Noticed Sonja
  1718 | D        | Got the +5 spear of Ibiazxo {flame, Int+4}
  1721 | D        | Found the +3 robe of Folly {Archmagi, MR-- Int+5}
  1783 | D        | Identified a +3 sacred scourge of holy wrath (a +1 demon
                  | whip blessed by the Shining One)
  1783 | D        | Received a gift from the Shining One
  1847 | D        | Noticed a centaur warrior
  1874 | D        | Killed a centaur warrior
  1875 | D        | Noticed a fire dragon
  1879 | D        | Noticed a great orb of eyes
  1884 | D        | Noticed a rakshasa
  1886 | D        | Noticed a two-headed ogre
  1886 | D        | a deep troll changed into a two-headed ogre
  1893 | D        | Killed a two-headed ogre
  1904 | D        | Noticed a deep troll shaman
  1911 | D        | Killed a fire dragon
  1927 | D        | Killed a great orb of eyes
  1958 | D        | Killed a deep troll shaman
  1991 | D        | Killed a rakshasa
  2238 | D        | Noticed Aizul
  2272 | D        | Killed Aizul
  2272 | D        | Reached XP level 13. HP: 74/90 MP: 19/22
  2327 | D        | Noticed a nagaraja
  2327 | D        | Noticed a nagaraja
  2343 | D        | Killed a nagaraja
  2351 | D        | Killed a nagaraja
  2625 | D        | Noticed a thorn hunter
  2653 | D        | Killed a thorn hunter
  2653 | D        | Reached skill level 15 in Armour
  2813 | D        | Reached skill level 15 in Fighting
  2823 | D        | Reached skill level 15 in Shields
  2952 | D        | Noticed a merfolk javelineer
  2953 | D        | Noticed a merfolk impaler
  2955 | D        | Noticed a merfolk impaler
  2977 | D        | Killed a merfolk javelineer
  2983 | D        | Killed a merfolk impaler
  2985 | D        | Killed a merfolk impaler
  3060 | D        | Noticed Rupert
  3074 | D        | Killed Rupert
  3122 | D        | Noticed a fire giant
  3122 | D        | Noticed a yaktaur captain
  3136 | D        | Noticed a spriggan defender
  3142 | D        | Killed a yaktaur captain
  3143 | D        | Noticed a Killer Klown
  3146 | D        | Noticed an ettin
  3148 | D        | Noticed a fire dragon
  3158 | D        | Killed a fire giant
  3158 | D        | Gained mutation: Your large and strong wings let you fly
                  | indefinitely. [Gargoyle growth]
  3158 | D        | Reached XP level 14. HP: 51/98 MP: 8/24
  3161 | D        | Noticed a sphinx
  3164 | D        | Noticed a stone giant
  3184 | D        | Killed a spriggan defender
  3210 | D        | Killed a Killer Klown
  3210 | D        | Reached skill level 15 in Invocations
  3228 | D        | Noticed a deep elf annihilator
  3239 | D        | Killed a stone giant
  3286 | D        | Killed a deep elf annihilator
  3449 | D        | Noticed an entropy weaver
  3522 | D        | Killed an entropy weaver
  3532 | D        | Noticed an ironheart preserver
  3585 | D        | Killed an ironheart preserver
  3586 | D        | Noticed an ironheart preserver
  3590 | D        | Noticed an ironheart preserver
  3597 | D        | Noticed an ironheart preserver
  3599 | D        | Killed an ironheart preserver
  3605 | D        | Killed an ironheart preserver
  3622 | D        | Noticed a stone giant
  3633 | D        | Killed a stone giant
  3877 | D        | Noticed Jory
  3912 | D        | HP: 3/102 [Jory/crystal spear (34)]
  3916 | D        | Killed Jory
  3916 | D        | Reached XP level 15. HP: 20/107 MP: 27/27
  4347 | D        | Noticed Mara
  4350 | D        | Noticed Freyura's illusion
  4380 | D        | Noticed Freyura's illusion
  4391 | D        | Noticed Freyura's illusion
  4411 | D        | HP: 4/107 [Mara/bolt of fire (24)]
  4416 | D        | Killed Mara
  4796 | D        | Noticed Boris
  4813 | D        | Killed Boris
  5061 | D        | Got the +1 battleaxe of Eternal Night {flame, *Corrode rF+
                  | Dex+4}
  5070 | D        | Got the +0 pair of boots of the Learner {rPois rC+}
  5075 | D        | Got the +2 chain mail "Juiptee" {Dex+4 Slay+2}
  5247 | D        | Noticed Louise
  5262 | D        | Killed Louise
  5283 | D        | Noticed a nagaraja
  5289 | D        | Noticed a nagaraja
  5291 | D        | Killed a nagaraja
  5314 | D        | Noticed a nagaraja
  5321 | D        | Noticed a nagaraja
  5327 | D        | Killed a nagaraja
  5343 | D        | Killed a nagaraja
  5353 | D        | Killed a nagaraja
  5369 | D        | Noticed a nagaraja
  5371 | D        | Got a serpentine rune of Zot
  5377 | D        | Killed a nagaraja
  5507 | D        | Noticed an emperor scorpion
  5507 | D        | Noticed a ghost moth
  5512 | D        | Noticed a ghost moth
  5515 | D        | Noticed an emperor scorpion
  5517 | D        | Killed a ghost moth
  5539 | D        | Killed an emperor scorpion
  5540 | D        | Noticed an emperor scorpion
  5551 | D        | Killed a ghost moth
  5572 | D        | Killed an emperor scorpion
  5584 | D        | Killed an emperor scorpion
  5585 | D        | Noticed an emperor scorpion
  5620 | D        | Killed an emperor scorpion
  5622 | D        | Noticed an emperor scorpion
  5646 | D        | Killed an emperor scorpion
  5646 | D        | Reached skill level 15 in Dodging
  5653 | D        | Got a gossamer rune of Zot
  5740 | D        | Reached XP level 16. HP: 116/116 MP: 18/29
  5806 | D        | Got a decaying rune of Zot
  5814 | D        | Noticed Ilsuiw
  5884 | D        | Killed Ilsuiw
  5900 | D        | Got a barnacled rune of Zot
  5933 | D        | Noticed Frederick
  5954 | D        | Killed Frederick
  6048 | D        | Noticed Mennas
  6082 | D        | Killed Mennas
  6084 | D        | Noticed Frances
  6098 | D        | Killed Frances
  6181 | D        | Noticed Agnes
  6198 | D        | Killed Agnes
  6442 | D        | Reached XP level 17. HP: 122/125 MP: 31/31
  6479 | D        | Noticed an ancient lich
  6505 | D        | Killed an ancient lich
  6651 | D        | Noticed a quicksilver dragon
  6651 | D        | Noticed a tentacled monstrosity
  6651 | D        | Noticed a titan
  6652 | D        | Noticed a lich
  6665 | D        | Noticed an ancient lich
  6679 | D        | Killed a titan
  6688 | D        | Killed a tentacled monstrosity
  6694 | D        | Killed an ancient lich
  6716 | D        | Killed a quicksilver dragon
  6719 | D        | Killed a lich
  6719 | D        | Reached skill level 27 in Maces & Flails
  6740 | D        | Got a silver rune of Zot
  6828 | D        | Noticed Xtahua
  6841 | D        | Paralysed by Xtahua for 3 turns
  6845 | D        | Killed Xtahua
  6846 | D        | Found the +6 fire dragon scales of Xtahua {rF+++ rC- MR+}
  7193 | D        | Got the amulet "Fed Eneiruu" {Reflect MR+ Str+2 Dex-2 SH+6}
  7195 | D        | Got the amulet "Fisuon" {+Rage Str+2}
  7197 | D        | Got the ring "Noptimee" {rF+ Dex+4}
  7201 | D        | Got the ring "Unyny" {Ice Dex+2}
  7204 | D        | Found the +12 glaive of Prune {chop}
  7206 | D        | Found the +13 scythe of Curses {drain, *Curse}
  7225 | D        | Got the +0 hat of Protective Custody {rF+++ rC+ MR+ Dex-3}
  7227 | D        | Got the +0 hat of the Skies Above {rElec rC- Dex+5}
  7315 | D        | Noticed Nikola
  7330 | D        | Killed Nikola
  7381 | D        | Noticed a quicksilver dragon
  7381 | D        | Noticed a lich
  7383 | D        | Killed a lich
  7383 | D        | Reached XP level 18. HP: 136/136 MP: 33/33
  7390 | D        | Killed a quicksilver dragon
  7674 | D        | Noticed an Orb Guardian
  7695 | D        | Killed an Orb Guardian
  7733 | D        | Noticed a tentacled monstrosity
  7733 | D        | Noticed a tentacled monstrosity
  7747 | D        | Killed a tentacled monstrosity
  7751 | D        | Killed a tentacled monstrosity
  7797 | D        | Noticed a tentacled monstrosity
  7807 | D        | Killed a tentacled monstrosity
  7886 | D        | Noticed a golden dragon
  7886 | D        | Noticed a tentacled monstrosity
  7906 | D        | Killed a tentacled monstrosity
  7929 | D        | Killed a golden dragon
  7929 | D        | Reached XP level 19. HP: 107/147 MP: 35/35
  8087 | D        | Noticed an Orb Guardian
  8087 | D        | Noticed an Orb Guardian
  8087 | D        | Noticed an Orb Guardian
  8087 | D        | Noticed an Orb Guardian
  8087 | D        | Noticed an Orb Guardian
  8087 | D        | Noticed an Orb Guardian
  8099 | D        | Killed an Orb Guardian
  8108 | D        | Killed an Orb Guardian
  8115 | D        | Killed an Orb Guardian
  8121 | D        | Killed an Orb Guardian
  8129 | D        | Killed an Orb Guardian
  8138 | D        | Killed an Orb Guardian
  8151 | D        | Noticed an Orb Guardian
  8152 | D        | Noticed an Orb Guardian
  8153 | D        | Noticed an Orb Guardian
  8157 | D        | Killed an Orb Guardian
  8158 | D        | Noticed an Orb Guardian
  8164 | D        | Killed an Orb Guardian
  8169 | D        | Killed an Orb Guardian
  8178 | D        | Killed an Orb Guardian
  8187 | D        | Noticed an Orb Guardian
  8187 | D        | Noticed an Orb Guardian
  8187 | D        | Noticed a golden dragon
  8196 | D        | Killed a golden dragon
  8198 | D        | Noticed an Orb Guardian
  8202 | D        | Noticed an Orb Guardian
  8208 | D        | Killed an Orb Guardian
  8215 | D        | Killed an Orb Guardian
  8237 | D        | Killed an Orb Guardian
  8242 | D        | Killed an Orb Guardian
  8242 | D        | Reached skill level 27 in Armour
  8382 | D        | Noticed an ancient lich
  8383 | D        | Killed an ancient lich
  8383 | D        | Reached skill level 27 in Fighting
  8383 | D        | Reached skill level 27 in Shields
  8386 | D        | Noticed an orb of fire
  8397 | D        | Killed an orb of fire
  8397 | D        | Reached skill level 27 in Invocations
  8400 | D        | Noticed an electric golem
  8412 | D        | Killed an electric golem
  8416 | D        | Noticed an ancient lich
  8416 | D        | Noticed an Orb Guardian
  8416 | D        | Noticed an ancient lich
  8416 | D        | Noticed an ancient lich
  8416 | D        | Noticed an ancient lich
  8425 | D        | Killed an ancient lich
  8427 | D        | Noticed an orb of fire
  8429 | D        | Killed an ancient lich
  8429 | D        | Reached XP level 20. HP: 139/157 MP: 32/37
  8434 | D        | Killed an ancient lich
  8443 | D        | Killed an ancient lich
  8450 | D        | Noticed an orb of fire
  8450 | D        | Gained mutation: You are partially covered in thin metallic
                  | scales. (AC +2) [an orb of fire]
  8458 | D        | Gained mutation: Armour fits poorly on your strangely
                  | shaped body. [an orb of fire]
  8462 | D        | Gained mutation: You are dopey. (Int -2) [an orb of fire]
  8463 | D        | Killed an orb of fire
  8463 | D        | Reached skill level 27 in Dodging
  8473 | D        | Gained mutation: Your body sometimes deteriorates upon
                  | taking damage. [an orb of fire]
  8479 | D        | Killed an orb of fire
  8546 | D        | Reached skill level 15 in Evocations
  8699 | D        | Got the Orb of Zot
  8806 | D        | Noticed an ancient lich
  8810 | D        | Reached XP level 21. HP: 163/163 MP: 38/38
  8817 | D        | Noticed an ancient lich
  8820 | D        | Killed an ancient lich
  8825 | D        | Noticed an ancient lich
  8841 | D        | Killed an ancient lich
  8848 | D        | Killed an ancient lich
  8920 | D        | Reached skill level 27 in Evocations
  8920 | D        | Reached skill level 1 in Stealth
  8942 | D        | Reached skill level 10 in Stealth
  8959 | D        | Reached skill level 15 in Stealth
  8973 | D        | Got an elven rune of Zot
  9082 | D        | Paralysed by a floating eye for 2 turns
  9091 | D        | Paralysed by a floating eye for 2 turns
  9100 | D        | Paralysed by a floating eye for 2 turns
  9106 | D        | Paralysed by a floating eye for 4 turns
  9116 | D        | Paralysed by a floating eye for 4 turns
  9123 | D        | Noticed the Royal Jelly
  9166 | D        | Killed the Royal Jelly
  9204 | D        | Got a slimy rune of Zot
  9205 | D        | HP: 2/163 [acid (18)]
  9206 | D        | The Shining One protects you from harm!
  9207 | D        | Splashed by an acid blob's acid

Skill      XL: |  1  2  3  4  5  6  7  8  9 10 11 12 13 14 15 16 17 18 19 20 21 |
---------------+----------------------------------------------------------------+-----
Dodging        | 1 3 4 6 7 8 9 11 12 13 15 16 18 20 25 27 | 27.0
Maces & Flails | 5 7 8 10 11 12 13 15 17 19 21 23 25 27 | 27.0
Fighting       | 5 6 7 8 9 10 11 12 14 15 17 18 20 22 25 27 | 27.0
Armour         | 5 6 7 8 9 10 11 13 14 15 17 19 20 22 25 27 | 27.0
Shields        | 5 6 7 8 9 10 11 12 14 15 17 18 20 22 25 27 | 27.0
Invocations    | 3 5 6 8 9 11 12 14 16 18 20 22 24 27 | 27.0
Evocations     | 22 27 | 27.0
Stealth        | 23 | 23.4

Action                   |  1- 3 |  4- 6 |  7- 9 | 10-12 | 13-15 | 16-18 | 19-21 || total
-------------------------+-------+-------+-------+-------+-------+-------+-------++-------
Melee: Flail             |    33 |     5 |       |       |       |       |       ||    38
       Morningstar       |       |     6 |    73 |   227 |       |       |       ||   306
       Sacred scourge    |       |       |       |   160 |   680 |   851 |   536 ||  2227
Invok: Divine Shield     |       |       |       |     3 |     8 |     6 |     6 ||    23
       Brand Weapon With |       |       |       |     1 |       |       |       ||     1
       Summon Divine War |       |       |       |       |     5 |     2 |     5 ||    12
Evoke: Wand              |       |       |       |       |     1 |       |       ||     1
  Use: Potion            |     1 |     1 |     2 |     2 |     7 |       |     2 ||    15
       Scroll            |       |       |       |     2 |       |     5 |       ||     7
  Eat: Chunk             |       |       |     1 |     7 |     7 |     8 |     6 ||    29
       Ration            |       |       |       |       |     2 |       |       ||     2
Armor: Scale mail        |    15 |     4 |       |       |       |       |       ||    19
       Chain mail        |       |     3 |    21 |   100 |   137 |    61 |       ||   322
       Fire dragon scale |       |       |       |       |       |    26 |     2 ||    28
       Gold dragon scale |       |       |       |       |       |       |    76 ||    76
Dodge: Dodged            |    14 |     2 |    17 |   105 |   146 |   147 |    71 ||   502
Block: Shield            |    14 |     4 |    25 |   176 |   205 |       |       ||   424
       Large shield      |       |       |       |       |   235 |   596 |   401 ||  1232
       Reflection        |       |       |       |       |       |     4 |     8 ||    12
